AoeStats
← Matisidio58

Arabia

510907660Analyzed
2v2 RM · 6h ago on Oct 3, 2026· 25m 50s· 4 players
Game mode
Random Map
Map size
Medium (4 player)
Population
200
Speed
Normal
Resources
Standard
Victory
Conquest
Starting age
Dark Age
Ending age
Imperial Age
RankedLock teamsTeams togetherTeam positionsShared explorationLock speedFull tech treeHidden civsTurbo modeCheats
Victory
Defeat
🇺🇸 Muisca · United States
695
+16
🇨🇴 Romans · Colombia
681
+16
🇮🇳 Hindustanis · India
713
-17
🇺🇸 Cumans · United States
655
-15
The One Who Knocks
10:32 Loom
12:18 Feudal Age
10:40 Loom
12:52 Double-Bit Axe
13:40 Arson
13:16 Man-at-Arms
15:54 Gold Mining
16:22 Horse Collar
19:40 Fletching
22:55 Forging
26:21 Scale Mail Armor
nerinvergil
7:42 Loom
10:09 Feudal Age
10:35 Double-Bit Axe
10:19 Man-at-Arms
11:21 Man-at-Arms
Matisidio58
6:54 Loom
10:48 Feudal Age
12:30 Champi Runner
crirob2016
0:29 Loom
13:21 Feudal Age
13:54 Double-Bit Axe
13:32 Man-at-Arms
14:56 Wheelbarrow
15:23 Horse Collar
17:36 Bloodlines
Connection lost

Rejoining the realm…

Still unreachable

The connection could not be restored.

Session expired

The server has moved on; the page needs a fresh start.